[Event "Early-Titled-Tuesday-Blitz-April-02-2024"]
[Site "Chess.com"]
[Date "2024.04.02"]
[Round "9"]
[White "djano"]
[Black "ploxoi"]
[Result "1-0"]
[WhiteElo "2671"]
[BlackElo "2467"]
[TimeControl "180+1"]
[EndTime "9:44:49 PDT"]
[Termination "djano won by resignation"]

1. e4 c5 2. Nc3 e6 3. f4 d5 4.
Nf3 Nc6 5. Bb5 Ne7 6. Ne5 a6 7. Bxc6+ Nxc6 8. Nxc6 bxc6 9. d3 Be7 10. O-O a5 11.
Qe1 Ba6 12. Qg3 O-O 13. e5 c4 14. d4 c5 15. Be3 Qb6 16. f5 f6 17. Bh6 Rf7 18. Nxd5 exd5 19. e6 Kh8 20. exf7 gxh6 21. Rae1 Qa7 22. Re6 c3 23. Rfe1 cxb2 24. Qb3 Bf8 25.
Re8 c4 26. Qa3 Qxf7 27. Rxa8 Kg7 28. Qg3+ Kh8 29. Qb8 Kg7 30. Rxa6 Bc5 1-0

[Event "Early-Titled-Tuesday-Blitz-April-02-2024"]
[Site "Chess.com"]
[Date "2024.04.02"]
[Round "9"]
[White "arnash_bauyrzhan"]
[Black "BestestBP"]
[Result "1-0"]
[WhiteElo "2342"]
[BlackElo "2205"]
[TimeControl "180+1"]
[EndTime "9:44:49 PDT"]
[Termination "arnash_bauyrzhan won on time"]

1. e4 e5 2. Nf3 Nc6 3. d4 exd4 4. Bc4 Nf6 5. O-O Nxe4 6. Re1 d5 7. Bxd5 Qxd5 8. Nc3 Qd7 9. Nxe4 Be7 10. Bg5 O-O 11. Bxe7 Qxe7 12. Nxd4 Bd7 13. Nb3 Rae8 14. h3 b6 15. Qh5 Qb4 16. c3 Qa4 17. Qh4 Kh8 18. Rad1 Bf5 19. Nd4 Bg6 20. b3 Qxa2 21. Nxc6 Qxb3 22.
Nd4 Rxe4 23. Qxe4 Qxd1 24. Qe7 Qxe1+ 25. Qxe1 h6 26. Qe7 Kg8 27. Qxc7 a5 28. Qxb6 Ra8 29. Nb5 a4 30. Na3 Be4 31. c4 Rc8 32. c5 Rc6 33. Qb5 Kh7 34. Qxa4 Bg6 35. Qxc6 1-0

[Event "Early-Titled-Tuesday-Blitz-April-02-2024"]
[Site "Chess.com"]
[Date "2024.04.02"]
[Round "9"]
[White "MyDream003"]
[Black "Robert_Chessmood"]
[Result "1-0"]
[WhiteElo "2852"]
[BlackElo "2958"]
[TimeControl "180+1"]
[EndTime "9:44:50 PDT"]
[Termination "MyDream003 won by resignation"]

1. e4 e5 2. Nf3 Nc6 3. Bb5 Nf6 4. d3 Bc5 5. c3 O-O 6. O-O d6 7. h3 a6 8. Ba4 b5 9. Bc2 h6 10. Nbd2 Be6 11. Re1 Re8 12. a4 b4 13.
a5 Rb8 14. Nc4 Bxc4 15. dxc4 bxc3 16. bxc3 Nd7 17. Nh2 Qh4 18. Qf3 Re6 19. Ng4 h5 20. Ne3 Bxe3 21. Bxe3 Rb2 22. Ba4 Rf6 23. Qg3 Qxg3 24.
fxg3 Ncb8 25. Reb1 Re2 26. Ba7 Kh7 27. Kh1 Rg6 28.
Kh2 Nf6 29. Bxb8 Nxe4 30. Re1 Nxg3 31. Rxe2 Nxe2 32. Bxc7 Nxc3 33. Bc2 e4 34. Ra3 d5 35.
Rxc3 Rc6 36. Be5 d4 37. Bxe4+ 1-0

[Event "Early-Titled-Tuesday-Blitz-April-02-2024"]
[Site "Chess.com"]
[Date "2024.04.02"]
[Round "9"]
[White "wqws"]
[Black "Manukyan_Artak"]
[Result "0-1"]
[WhiteElo "2713"]
[BlackElo "2578"]
[TimeControl "180+1"]
[EndTime "9:44:50 PDT"]
[Termination "Manukyan_Artak won by resignation"]

1. e4 c6 2. Ne2 d5 3. e5 c5 4. d4 Nc6 5. c3 a5 6. Nd2 cxd4 7. cxd4 e6 8. Nf3 Bd7 9. Nc3 Rc8 10. Bd3 Nb4 11. Bb1 Nh6 12. O-O Be7 13.
Bxh6 gxh6 14. Qd2 Bg5 15. Nxg5 hxg5 16. f4 g4 17. f5 exf5 18. Bxf5 Bxf5 19. Rxf5 O-O 20.
Raf1 Rc6 21. a3 Na6 22. Rf6 Nc7 23. Qh6 Rxf6 24. exf6 Ne6 25. Rf5 Qb6 26. Ne2 Qxb2 27.
Re5 Qb1+ 28. Kf2 Qg6 29. Qxg6+ hxg6 30. Rxd5 Rd8 31. Rxd8+ Nxd8 32. d5 b5 33. Ke3 Nb7 34. Kd4 g5 35. Ng3 Kh7 36. Ne4 Kg6 37. d6 b4 38. axb4 axb4 39. d7 Nd8 40. Ke5 b3 41.
Nd2 b2 42. Nb1 Ne6 43. Nc3 Nd8 44. Kd6 Kxf6 45. Ne4+ Kg6 46. Nd2 f5 47. Ke7 Nf7 48. d8=Q Nxd8 49. Kxd8 f4 50. Ke7 f3 51. gxf3 gxf3 52.
Ke6 0-1

[Event "Early-Titled-Tuesday-Blitz-April-02-2024"]
[Site "Chess.com"]
[Date "2024.04.02"]
[Round "9"]
[White "flawian2008"]
[Black "Zq1"]
[Result "1/2-1/2"]
[WhiteElo "2503"]
[BlackElo "2613"]
[TimeControl "180+1"]
[EndTime "9:44:51 PDT"]
[Termination "Game drawn by repetition"]

1. d4 Nf6 2. c4 a6 3. Nf3 e6 4.
Nc3 c5 5. g3 cxd4 6. Nxd4 Qc7 7. Qd3 Nc6 8. Nxc6 Qxc6 9. e4 Bb4 10. Bg2 Qc7 11. O-O Be7 12. Bf4 d6 13. Rfd1 e5 14. Bg5 Be6 15. Nd5 Nxd5 16. exd5 Bg4 17. Bxe7 Bxd1 18.
Bxd6 Qxd6 19. Rxd1 O-O 20. Qe3 Rac8 21. g4 Rxc4 22.
Be4 g6 23. f3 Qc5 24. Qxc5 Rxc5 25. Kf2 f5 26. gxf5 gxf5 27. Bb1 Kf7 28. Bxf5 Kf6 29. Bxh7 Rh8 30. Be4 Rxh2+ 31. Kg3 Rxb2 32. Rh1 Rc8 33. Rh6+ Ke7 34. d6+ Kf7 35. Rh7+ Ke6 36. Rh6+ Kf7 37. Bd5+ Kg7 38. Re6 Rd8 39. Kg4 Rb6 40. Re7+ Kf6 41.
Re6+ Kg7 42. Re7+ Kf8 43. Rf7+ Ke8 44. Re7+ Kf8 45. Rf7+ Ke8 46. Re7+ Kf8 1/2-1/2

[Event "Early-Titled-Tuesday-Blitz-April-02-2024"]
[Site "Chess.com"]
[Date "2024.04.02"]
[Round "9"]
[White "GoltsevDmitry2000"]
[Black "Zurability"]
[Result "1-0"]
[WhiteElo "2832"]
[BlackElo "2700"]
[TimeControl "180+1"]
[EndTime "9:44:52 PDT"]
[Termination "GoltsevDmitry2000 won on time"]

1. e4 c5 2. Nf3 d6 3. d4 cxd4 4.
Nxd4 Nf6 5. Nc3 g6 6. Be2 Bg7 7.
O-O O-O 8. Be3 Nc6 9. f4 Bd7 10. Bf3 Qc8 11. Qd2 Rd8 12. Rad1 Bg4 13. h3 Bxf3 14. Nxf3 Qe6 15. Ng5 Qc4 16. b3 Qb4 17. a3 Qa5 18. b4 Qc7 19. Nd5 Qd7 20. c4 h6 21. Nxf6+ Bxf6 22. Nf3 Qe6 23. Qc2 Rac8 24. f5 gxf5 25. Bxh6 fxe4 26. Ng5 Bd4+ 27. Kh1 Qxh6 28.
Nxf7 Qg6 29. Nxd8 Rxd8 30. b5 Be5 31. bxc6 Qg3 32. Kg1 Qh2+ 33. Kf2 Rf8+ 34. Ke1 Bg3+ 35. Kd2 Qxg2+ 36. Kc1 Qxf1 37. Rxf1 Rxf1+ 38. Kb2 bxc6 39. Qxe4 Rf2+ 40. Kb3 1-0

[Event "Early-Titled-Tuesday-Blitz-April-02-2024"]
[Site "Chess.com"]
[Date "2024.04.02"]
[Round "9"]
[White "noblerone"]
[Black "N_I_Chess"]
[Result "0-1"]
[WhiteElo "2541"]
[BlackElo "2400"]
[TimeControl "180+1"]
[EndTime "9:44:54 PDT"]
[Termination "N_I_Chess won on time"]

1. d4 Nf6 2. Nf3 d5 3. Bg5 e6 4.
Nbd2 Nbd7 5. e3 Bd6 6. Bd3 O-O 7. O-O c5 8. c3 h6 9. Bh4 Qc7 10. Rc1 Qb6 11. Rb1 Re8 12. e4 e5 13. exd5 Nxd5 14.
Nc4 Qc7 15. Nxd6 Qxd6 16. Bg3 cxd4 17. cxd4 Nf4 18. Nxe5 Nxd3 19. Nxd7 Qxd4 20. Ne5 Bf5 21. Nf3 Qb6 22. Qd2 Rad8 23. b3 Ne5 24. Qf4 Nxf3+ 25.
gxf3 Bxb1 26. Rxb1 Re2 27. Rc1 Re7 28. Qh4 Rde8 29.
Kg2 Qa6 30. a4 Re1 31. Rxe1 Rxe1 32. Qd8+ Kh7 33. Kh3 Qf1+ 34. Kg4 Re6 35. f4 Qe2+ 36. Kh3 Qf3 37. Qd7 Rf6 0-1

[Event "Early-Titled-Tuesday-Blitz-April-02-2024"]
[Site "Chess.com"]
[Date "2024.04.02"]
[Round "9"]
[White "NowInChess"]
[Black "abelmat"]
[Result "1-0"]
[WhiteElo "2258"]
[BlackElo "2126"]
[TimeControl "180+1"]
[EndTime "9:44:54 PDT"]
[Termination "NowInChess won by resignation"]

1. e4 e6 2. d3 d5 3. Nd2 Nc6 4. Ngf3 Nf6 5. c3 dxe4 6. dxe4 e5 7. Bb5 Bd6 8. O-O O-O 9. Re1 Be6 10. Ng5 Bg4 11. Qc2 Ne7 12. Nc4 h6 13. Nxd6 cxd6 14.
h3 hxg5 15. hxg4 Nxg4 16. Bxg5 Qb6 17. Bxe7 Qxb5 18. Bxf8 Rxf8 19. Qe2 Qd7 20. Red1 Qe6 21. Rd3 g6 22. Rad1 Rd8 23. Qd2 Qf6 24. f3 Nh6 25. Qxh6 Qe6 26. Qd2 Kg7 27. Rxd6 Rxd6 28. Qxd6 Qxa2 29.
Qxe5+ Kh7 30. Rd8 1-0

[Event "Early-Titled-Tuesday-Blitz-April-02-2024"]
[Site "Chess.com"]
[Date "2024.04.02"]
[Round "9"]
[White "Sanyura"]
[Black "Actuary44"]
[Result "1-0"]
[WhiteElo "2623"]
[BlackElo "2517"]
[TimeControl "180+1"]
[EndTime "9:44:57 PDT"]
[Termination "Sanyura won by checkmate"]

1. Nf3 d6 2. g3 e5 3. Bg2 f5 4. d3 g6 5. O-O Bg7 6. Nbd2 Ne7 7. e4 O-O 8. exf5 gxf5 9. Nh4 Nbc6 10. f4 Ng6 11. Nxg6 hxg6 12. fxe5 Nxe5 13. Nf3 Rb8 14.
d4 Ng4 15. Bg5 Qe8 16. Qd2 Qb5 17. c3 Be6 18. Nh4 Kh7 19. Rae1 Rbe8 20. d5 Bf7 21.
Be7 Qb6+ 22. Kh1 Bh6 23. Qc2 Rg8 24. Nxf5 Bg5 25. Nd4 Nf6 26. h4 Rxe7 27. Rxe7 Kg7 28. hxg5 Ng4 29. Rfxf7+ Kh8 30. Rh7# 1-0

[Event "Early-Titled-Tuesday-Blitz-April-02-2024"]
[Site "Chess.com"]
[Date "2024.04.02"]
[Round "9"]
[White "XDPS"]
[Black "chessdjw"]
[Result "1-0"]
[WhiteElo "2921"]
[BlackElo "2797"]
[TimeControl "180+1"]
[EndTime "9:44:58 PDT"]
[Termination "XDPS won by checkmate"]

1. d4 Nf6 2. Bf4 d5 3. e3 c5 4. Nf3 Nc6 5. Nbd2 Nh5 6. Be5 e6 7. c3 f6 8. Bg3 Be7 9. Bd3 Qb6 10. Rb1 g6 11. Qe2 O-O 12. O-O Nxg3 13. hxg3 Bd7 14.
dxc5 Qxc5 15. e4 dxe4 16. Nxe4 Qb6 17. Bc4 Kg7 18. b4 Rad8 19. Nc5 Bxc5 20. bxc5 Qxc5 21. Nd4 e5 22. Nb3 Qe7 23. Bd5 b6 24. Rbd1 Rc8 25.
c4 Nb4 26. Rfe1 Nxd5 27. cxd5 Qd6 28. Nd2 Rc2 29. Qd3 Rxa2 30. Ne4 Qa3 31. Qf1 Qb4 32.
Rb1 Qd4 33. Rbd1 Qa4 34. Qd3 Ra3 35. Qd2 Rc8 36. d6 Rc2 37. Qd5 Qc6 38. Nxf6 Kxf6 39.
Qxe5+ Kf7 40. Qe7+ Kg8 41. Qd8+ Kg7 42. Re7+ Kh6 43.
Qf8+ Kg5 44. Qf4+ Kh5 45. Qh4# 1-0

[Event "Early-Titled-Tuesday-Blitz-April-02-2024"]
[Site "Chess.com"]
[Date "2024.04.02"]
[Round "9"]
[White "Barbix1"]
[Black "KetiTsatsalashvili"]
[Result "0-1"]
[WhiteElo "2301"]
[BlackElo "2426"]
[TimeControl "180+1"]
[EndTime "9:44:58 PDT"]
[Termination "KetiTsatsalashvili won on time"]

1. d4 Nf6 2. c4 e6 3. Nf3 b6 4. g3 Ba6 5. b3 d5 6. cxd5 Nxd5 7.
Bg2 Bb4+ 8. Bd2 Bxd2+ 9. Qxd2 O-O 10. O-O Nd7 11. Re1 c5 12. e4 N5f6 13. d5 exd5 14. exd5 Re8 15. Nc3 h6 16. Rad1 Ng4 17. Qf4 Ngf6 18. h4 Rxe1+ 19. Rxe1 Qf8 20. Qc7 Qd8 21. Qf4 Rc8 22. Rd1 b5 23. Ne4 Nxe4 24. Qxe4 Nf6 25. Qf5 c4 26. Ne5 c3 27. Rc1 b4 28. Nc6 Qd6 29. Qf4 Qc5 30. Qxb4 Rxc6 0-1

[Event "Early-Titled-Tuesday-Blitz-April-02-2024"]
[Site "Chess.com"]
[Date "2024.04.02"]
[Round "9"]
[White "zverr1"]
[Black "WCM-Mexicana"]
[Result "1/2-1/2"]
[WhiteElo "2554"]
[BlackElo "2414"]
[TimeControl "180+1"]
[EndTime "9:45:00 PDT"]
[Termination "Game drawn by stalemate"]

1. e4 c6 2. d4 d5 3. Nc3 dxe4 4. Nge2 Nf6 5. Ng3 g6 6. Ngxe4 Bg7 7. Be3 Nbd7 8. Be2 Nxe4 9. Nxe4 O-O 10. O-O Nf6 11.
Nxf6+ Bxf6 12. Bh6 Re8 13. c3 b6 14. Bf3 Bb7 15. Re1 e5 16. dxe5 Rxe5 17. Qxd8+ Rxd8 18. Rxe5 Bxe5 19. Re1 f6 20. h4 Kf7 21. g3 Rd7 22. Kg2 c5 23. Bxb7 Rxb7 24. Rd1 Ke8 25. Kf3 Re7 26. Rd3 Bc7 27. c4 Rd7 28. Rxd7 Kxd7 29.
Ke4 Ke6 30. g4 Be5 31. b3 f5+ 32. gxf5+ gxf5+ 33. Kf3 Bf6 34. h5 Be5 35. Bg5 a6 36. Bd8 b5 37. Bb6 Kd6 38. Ba7 Kc6 39. a4 Bd6 40.
cxb5+ axb5 41. axb5+ Kxb5 42. Ke3 Ka6 43. Bxc5 Bxc5+ 44.
Kf4 Bxf2 45. Kxf5 Kb7 46. Kg5 Be3+ 47. Kf6 Kc7 48. Kf5 Kd7 49. Kg4 Ke7 50. Kh3 Kf7 51. Kg2 Kg7 52. Kh1 Kh6 53. b4 Bb6 54. b5 Kxh5 55. Kg2 Kh4 56. Kh1 Kh3 1/2-1/2

[Event "Early-Titled-Tuesday-Blitz-April-02-2024"]
[Site "Chess.com"]
[Date "2024.04.02"]
[Round "9"]
[White "JoliyRoger"]
[Black "HeroWilczek"]
[Result "0-1"]
[WhiteElo "2418"]
[BlackElo "2549"]
[TimeControl "180+1"]
[EndTime "9:45:00 PDT"]
[Termination "HeroWilczek won on time"]

1. d4 d5 2. Nf3 Nf6 3. c4 e6 4. e3 Be7 5. Nc3 O-O 6. b3 b6 7.
Bd3 Bb7 8. O-O dxc4 9. bxc4 c5 10. Bb2 Nc6 11. d5 Nb4 12. e4 Qc7 13. e5 exd5 14. exf6 Bxf6 15. cxd5 Rad8 16. Bc4 Qf4 17. Qb3 a6 18. a4 h5 19. Rad1 h4 20. h3 Rfe8 21. Rfe1 Rxe1+ 22. Rxe1 Bc8 23. Re4 Qd6 24. Nxh4 Bd4 25.
Nf3 Bf5 26. Rxd4 cxd4 27. Nxd4 Bg6 28. Nf3 a5 29. Ba3 Rc8 30. Nb5 Qf4 31. Bxb4 axb4 32. Bf1 Rc1 0-1

[Event "Early-Titled-Tuesday-Blitz-April-02-2024"]
[Site "Chess.com"]
[Date "2024.04.02"]
[Round "9"]
[White "Rud_Makarian"]
[Black "viviania"]
[Result "1/2-1/2"]
[WhiteElo "3029"]
[BlackElo "2914"]
[TimeControl "180+1"]
[EndTime "9:45:07 PDT"]
[Termination "Game drawn by repetition"]

1. d4 d5 2. c4 Nc6 3. Nf3 Bg4 4.
Bg5 Bxf3 5. gxf3 Qd7 6. e3 e5 7. dxe5 d4 8. Bg2 Bb4+ 9. Kf1 h6 10. Bh4 Nge7 11. a3 Ng6 12. Bg3 Be7 13. f4 O-O-O 14. h4 Kb8 15. h5 Nf8 16. Bd5 Ne6 17. Nd2 dxe3 18. fxe3 Bc5 19. Qf3 Ne7 20. Nb3 Nxd5 21. Nxc5 Nxc5 22. cxd5 Qxd5 23. Qxd5 Rxd5 24. Ke2 Rhd8 25.
Be1 f6 26. exf6 gxf6 27. Kf3 f5 28. Rg1 Ne4 29. Rg6 R5d6 30. Bc3 b6 31. Rag1 Kb7 32. Bg7 Rd2 33. R6g2 R8d6 34. Rxd2 Nxd2+ 35. Ke2 Ne4 36. Kf3 Nd2+ 37. Ke2 Ne4 38. Kf3 Nd2+ 1/2-1/2

[Event "Early-Titled-Tuesday-Blitz-April-02-2024"]
[Site "Chess.com"]
[Date "2024.04.02"]
[Round "9"]
[White "DeArron_Fox"]
[Black "Kunalm64"]
[Result "1-0"]
[WhiteElo "2517"]
[BlackElo "2612"]
[TimeControl "180+1"]
[EndTime "9:45:07 PDT"]
[Termination "DeArron_Fox won by resignation"]

1. d4 Nf6 2. c4 e6 3. Nf3 Bb4+ 4. Bd2 a5 5. g3 b6 6. Bg2 Bb7 7.
O-O Bxd2 8. Qxd2 O-O 9. Qc2 d6 10. Nc3 Nbd7 11. e4 e5 12. Rad1 Qe7 13. Rfe1 Rac8 14.
Nd5 Qe8 15. h4 h6 16. Bh3 exd4 17. Nxd4 Qd8 18. Nf5 Ne5 19. Nfe7+ Kh8 20. Nxc8 Nf3+ 21. Kg2 Nxe1+ 22. Rxe1 Bxc8 23. Bxc8 Nxd5 24. cxd5 Qxc8 25. Rc1 f5 26. f3 fxe4 27. fxe4 Qg4 28. Qd3 Re8 29.
Re1 Re5 30. Re3 Qg6 31. Qe2 Qe8 32. Qf3 c5 33. dxc6 Qxc6 34. Re2 Qc4 35. Qf8+ Kh7 36. Qf3 Qxa2 37. b4 Qc4 38. bxa5 bxa5 39. Rd2 Rxe4 40. Rxd6 Re2+ 41. Kh3 Qe6+ 42. Rxe6 Rxe6 43. Qf5+ Rg6 44. h5 1-0

[Event "Early-Titled-Tuesday-Blitz-April-02-2024"]
[Site "Chess.com"]
[Date "2024.04.02"]
[Round "9"]
[White "IsaqueGoncalvesSanto"]
[Black "ricaurtelopezj1955"]
[Result "0-1"]
[WhiteElo "1927"]
[BlackElo "2167"]
[TimeControl "180+1"]
[EndTime "9:45:09 PDT"]
[Termination "ricaurtelopezj1955 won on time"]

1. d4 d5 2. c4 e6 3. Nc3 c5 4.
cxd5 cxd4 5. Qxd4 Nc6 6. Qa4 exd5 7. Nf3 d4 8. Ne4 Bb4+ 9. Bd2 Be7 10. Rc1 Qd5 11.
Ng3 Be6 12. b3 Nf6 13. e3 dxe3 14. Bxe3 O-O 15. Bc4 Bb4+ 16. Ke2 Qa5 17. Bxe6 Qxa4 18. Bxf7+ Rxf7 19. bxa4 Re8 20. Rhd1 Ng4 21. Nf1 Ba5 22. h3 Nxe3 23. Nxe3 Bb6 24. Rd3 Nb4 25. Rd2 Rf4 26. g3 Rfe4 27. Ng5 R4e5 28. Nf3 Bxe3 29. fxe3 Rxe3+ 30. Kf2 Nd3+ 31. Rxd3 Rxd3 32. Rc7 Ra3 33. Rxb7 Rxa2+ 34. Kf1 Rxa4 35. Rb1 Ra2 36. Ng1 a5 37. Ne2 Rexe2 0-1

[Event "Early-Titled-Tuesday-Blitz-April-02-2024"]
[Site "Chess.com"]
[Date "2024.04.02"]
[Round "9"]
[White "Hikaru"]
[Black "Polish_fighter3000"]
[Result "1-0"]
[WhiteElo "3267"]
[BlackElo "3144"]
[TimeControl "180+1"]
[EndTime "9:45:10 PDT"]
[Termination "Hikaru won on time"]

1. d4 Nf6 2. Bg5 c5 3. d5 d6 4. c4 h6 5. Bf4 e5 6. Bc1 Ne4 7. h4 Be7 8. g3 f5 9. Bg2 Nd7 10.
Nf3 Ndf6 11. Nbd2 Nxf2 12. Kxf2 Ng4+ 13. Kg1 b5 14. cxb5 e4 15. Nh2 Ne3 16. Qb3 Nxg2 17. Kxg2 O-O 18. Nc4 Bb7 19. Rd1 Qd7 20. Na5 Rae8 21. h5 Bc8 22. Bf4 Bg5 23. Rh1 Bxf4 24. gxf4 e3 25. Raf1 Re4 26. Nc6 Rfe8 27. Rf3 Qf7 28.
Nf1 a6 29. Ng3 axb5 30. Nxe4 fxe4 31. Rg3 b4 32. f5 Bxf5 33. Qxe3 Kh7 34. Na5 Qxd5 35.
b3 Qe6 36. Qf4 e3 37. Rg1 Re7 38. Kh2 d5 39. Nc6 1-0

[Event "Early-Titled-Tuesday-Blitz-April-02-2024"]
[Site "Chess.com"]
[Date "2024.04.02"]
[Round "9"]
[White "RobertoJBM"]
[Black "MKlose11"]
[Result "1/2-1/2"]
[WhiteElo "2801"]
[BlackElo "2633"]
[TimeControl "180+1"]
[EndTime "9:45:10 PDT"]
[Termination "Game drawn - insufficient material"]

1. e4 e6 2. d4 d5 3. Nc3 Bb4 4. e5 Ne7 5. Bd2 b6 6. Nce2 Bxd2+ 7. Qxd2 Ba6 8. O-O-O c5 9. Kb1 Nbc6 10. f4 cxd4 11. Nxd4 Bxf1 12. Rxf1 Nxd4 13. Qxd4 Rc8 14. Nf3 Qc7 15.
Qd3 Qc4 16. Nd4 Nc6 17. Qxc4 dxc4 18. Nb5 Ke7 19. Nd6 Rc7 20. Nxc4 Nd4 21. Ne3 Rd8 22. Rf2 h5 23. c3 Nf5 24. Nxf5+ exf5 25. Kc2 Rcd7 26. Re1 Ke6 27. Ree2 Rd1 28. Rd2 R8xd2+ 29. Rxd2 Rg1 30. Kd3 h4 31. Ke3 Ra1 32. b3 g6 33.
c4 Rc1 34. Rd6+ Ke7 35. Rc6 Rc2 36. Rc7+ Ke8 37. Rxa7 Rxg2 38. Rb7 Rxh2 39. Rxb6 Rxa2 40. Rb8+ Ke7 41. Rh8 Rb2 42. Rxh4 Rxb3+ 43. Kd4 Rf3 44. Kd5 Rf1 45. c5 Rd1+ 46. Kc6 f6 47. Rh7+ Ke6 48.
exf6 Kxf6 49. Rd7 Rf1 50. Rd4 Kf7 51. Kd7 g5 52. fxg5 Rc1 53. c6 Kg6 54. c7 Kxg5 55.
Rd6 Rxc7+ 56. Kxc7 f4 57. Rd8 f3 58. Rf8 Kg4 59. Kd6 Kg3 60. Ke5 f2 61. Ke4 Kg2 62. Rxf2+ Kxf2 1/2-1/2

[Event "Early-Titled-Tuesday-Blitz-April-02-2024"]
[Site "Chess.com"]
[Date "2024.04.02"]
[Round "9"]
[White "JosefineHeinemann"]
[Black "Mikhail_Golubev"]
[Result "1-0"]
[WhiteElo "2535"]
[BlackElo "2614"]
[TimeControl "180+1"]
[EndTime "9:45:11 PDT"]
[Termination "JosefineHeinemann won on time"]

1. e4 c5 2. Nf3 d6 3. d4 cxd4 4. Nxd4 Nf6 5. Nc3 g6 6. Be3 Bg7 7. f3 a6 8. Bc4 Nbd7 9. Qd2 b5 10. Bd5 Nxd5 11. Nxd5 Bb7 12. O-O-O Bxd5 13. exd5 Nf6 14. Nc6 Qd7 15. Rhe1 O-O 16. Bd4 Rfe8 17. Bxf6 Bxf6 18. g4 e5 19. Kb1 Bg7 20. h4 e4 21. Rxe4 Rxe4 22.
fxe4 Qxg4 23. e5 Bxe5 24. Nxe5 dxe5 25. d6 Qd7 26. h5 Re8 27. hxg6 fxg6 28. Qd5+ Kg7 29. a3 h5 30. Re1 Qf7 31. Qc6 h4 32. Qxa6 Rd8 33. Qxb5 1-0

[Event "Early-Titled-Tuesday-Blitz-April-02-2024"]
[Site "Chess.com"]
[Date "2024.04.02"]
[Round "9"]
[White "zano2023"]
[Black "Escudito"]
[Result "1-0"]
[WhiteElo "2233"]
[BlackElo "2365"]
[TimeControl "180+1"]
[EndTime "9:45:13 PDT"]
[Termination "zano2023 won on time"]

1. d4 d5 2. Nf3 c5 3. e3 Nc6 4. c3 e6 5. Bd3 Bd6 6. O-O cxd4 7. exd4 Nf6 8. Bg5 h6 9. Bh4 Qc7 10. Nbd2 g5 11. Bg3 g4 12. Nh4 Bd7 13. Re1 O-O-O 14. Nb3 Bxg3 15. hxg3 Kb8 16. Nc5 Bc8 17. Be2 h5 18. Nd3 Ne4 19. a4 f6 20. Ng6 Rh6 21. Nh4 Re8 22. Nf4 Rh7 23. Bd3 f5 24. Kh2 Rd8 25. Qe2 Re7 26. f3 Nxg3 27. Kxg3 e5 28.
dxe5 Nxe5 29. Bc2 Rde8 30. Nxd5 Qd6 31. Nxe7 Nd3+ 32. Qe5 1-0

[Event "Early-Titled-Tuesday-Blitz-April-02-2024"]
[Site "Chess.com"]
[Date "2024.04.02"]
[Round "9"]
[White "Saxar85"]
[Black "zajka-molotok"]
[Result "1-0"]
[WhiteElo "2736"]
[BlackElo "2563"]
[TimeControl "180+1"]
[EndTime "9:45:14 PDT"]
[Termination "Saxar85 won on time"]

1. Nf3 g6 2. g3 Bg7 3. d4 d6 4.
Bg2 Nc6 5. O-O e5 6. dxe5 Nxe5 7. Nxe5 Bxe5 8. c4 Bg7 9. Nc3 Ne7 10. Bg5 f6 11.
Bf4 Be6 12. Bxb7 Rb8 13. Bg2 Rxb2 14. Nb5 Bxc4 15. Qc1 Rxb5 16. Qxc4 Rc5 17. Qb3 d5 18. Rac1 Rxc1 19. Rxc1 O-O 20. Bxc7 Qd7 21. Bf4 Kh8 22. Rc7 Qe6 23. Qe3 Qxe3 24. Bxe3 Nf5 25. Bxa7 d4 26. a4 Re8 27. Bf3 Bf8 28. a5 Bd6 29.
Rd7 Bb4 30. a6 Re6 31. Bb6 Rxb6 32. a7 Ra6 33. a8=Q+ Rxa8 34. Bxa8 Bc3 35. Rf7 Kg8 36.
Bd5 Kh8 37. Kg2 Nh6 38. Rd7 Ng4 39. h3 Ne5 40. Rc7 h5 41. f4 d3 42. exd3 Nxd3 43.
Rxc3 Nb4 44. Be4 Kg7 45. Rc4 Na6 46. Bb7 Nb8 47. Rd4 1-0

[Event "Early-Titled-Tuesday-Blitz-April-02-2024"]
[Site "Chess.com"]
[Date "2024.04.02"]
[Round "9"]
[White "Msb2"]
[Black "eagleclaw07"]
[Result "1-0"]
[WhiteElo "3024"]
[BlackElo "2848"]
[TimeControl "180+1"]
[EndTime "9:45:17 PDT"]
[Termination "Msb2 won by resignation"]

1. d4 Nf6 2. c4 e6 3. Nc3 Bb4 4. e3 d5 5. Bd2 O-O 6. Nf3 c5 7. a3 Bxc3 8. Bxc3 Ne4 9. Rc1 Nxc3 10. Rxc3 cxd4 11. Nxd4 Nc6 12. cxd5 Qxd5 13. Nxc6 bxc6 14. Qc2 Rb8 15. b4 e5 16. Rc5 Qd6 17. Bd3 Rd8 18. Be2 Be6 19. O-O Bd5 20. e4 Be6 21. Bc4 Bxc4 22. Qxc4 Qd3 23. Qxd3 Rxd3 24. Ra5 Ra8 25. f3 f6 26. Rc1 Rd6 27. Ra6 h5 28. h4 Kh7 29. Rcxc6 Rd1+ 30. Kh2 Rd7 31. Kg3 Rad8 32.
b5 Rb7 33. a4 Rd4 34. Rd6 Rb4 35.
Rd8 Rc7 36. Rd2 Rbc4 37. Rb2 Rb7 38. Kh3 Rd4 39. Rc2 Rb4 40. Rc8 Rd7 41. Rc2 Rb7 42. g4 hxg4+ 43. Kxg4 Rd7 44. h5 Rb1 45. Kf5 Kh6 46. Ke6 Rb7 47. Rac6 Rb4 48. Ra6 Rb3 49. Rd2 Rxf3 50. Rd7 Rxd7 51. Kxd7 Re3 52. Rxa7 Rxe4 53. b6 Rb4 54. b7 e4 55. Kc6 e3 56. Ra8 f5 57. Re8 f4 58. a5 Kxh5 59. a6 Kg4 60. a7 f3 61. b8=Q f2 62. Qxb4+ 1-0

[Event "Early-Titled-Tuesday-Blitz-April-02-2024"]
[Site "Chess.com"]
[Date "2024.04.02"]
[Round "9"]
[White "WiktoriaPOL"]
[Black "Happy1712Drummer"]
[Result "1-0"]
[WhiteElo "2344"]
[BlackElo "2465"]
[TimeControl "180+1"]
[EndTime "9:45:17 PDT"]
[Termination "WiktoriaPOL won on time"]

1. c4 e5 2. Nc3 Nf6 3. Nf3 Bb4 4.
Nxe5 O-O 5. d4 Re8 6. Bg5 h6 7. Bh4 d6 8. Nd3 Bxc3+ 9. bxc3 c6 10. e3 g5 11. Bg3 Ne4 12. Qb3 Qa5 13. Qb4 Qc7 14. Be2 a5 15. Qb3 a4 16. Qc2 Bf5 17. O-O Nd7 18. Bf3 Ndf6 19. Rad1 Qa5 20. Rc1 Kg7 21.
Rfe1 Qa6 22. Nb4 Nxg3 23. Nxa6 Bxc2 24. Nc7 Bf5 25. Nxa8 Rxa8 26. hxg3 d5 27. cxd5 cxd5 28. Bxd5 Nxd5 29. e4 Ne7 30. exf5 Nxf5 31. g4 Nd6 32. c4 Rc8 33. c5 Nb5 34. d5 Rd8 35. d6 Nd4 36.
Rcd1 Nc2 37. Re7 1-0

[Event "Early-Titled-Tuesday-Blitz-April-02-2024"]
[Site "Chess.com"]
[Date "2024.04.02"]
[Round "9"]
[White "TrompeterImEther"]
[Black "Rurep26"]
[Result "0-1"]
[WhiteElo "2566"]
[BlackElo "2729"]
[TimeControl "180+1"]
[EndTime "9:45:19 PDT"]
[Termination "Rurep26 won by checkmate"]

1. e4 e6 2. d4 d5 3. Nc3 Bb4 4. e5 c5 5. a3 Bxc3+ 6. bxc3 Qc7 7. h4 Nc6 8. h5 h6 9. Qg4 f5 10. Qf4 cxd4 11. Bb5 Ne7 12. Ne2 O-O 13. cxd4 Qa5+ 14.
Bd2 Qxb5 15. Rh3 b6 16. Rg3 Ba6 17. Re3 Na5 18. Bb4 Rf7 19. O-O-O Nc4 20. Nc3 Qd7 21.
Rg3 Kh8 22. Rh1 Nc6 23. Rg6 Nxb4 24. axb4 Rc8 25. Rh3 Qe7 26. Rhg3 Kh7 27. f3 Na3 28. Nxd5 Rxc2+ 29. Kd1 exd5 30. e6 Be2+ 31. Ke1 Qxb4+ 32. Kf2 Rc1 33. Rxg7+ Rxg7 34. Qxf5+ Kh8 35. Rxg7 Qe1+ 36.
Ke3 Bd3+ 37. Kxd3 Rc3# 0-1

[Event "Early-Titled-Tuesday-Blitz-April-02-2024"]
[Site "Chess.com"]
[Date "2024.04.02"]
[Round "9"]
[White "Baku_Boulevard"]
[Black "rezamahdavi2008"]
[Result "1/2-1/2"]
[WhiteElo "3034"]
[BlackElo "2912"]
[TimeControl "180+1"]
[EndTime "9:45:21 PDT"]
[Termination "Game drawn by repetition"]

1. e4 c5 2. Nf3 d6 3. Nc3 a6 4. g3 Nc6 5. Bg2 Nf6 6. O-O g6 7. Re1 Bg4 8. h3 Bxf3 9. Bxf3 Bg7 10. a4 O-O 11. Bg2 Rb8 12. d3 Nd7 13. Ne2 b5 14. axb5 axb5 15. e5 Qc7 16. e6 Nb6 17. Nf4 f5 18. h4 Ne5 19. c3 Ng4 20. Ra6 Rfe8 21. Bd2 b4 22. Bf3 bxc3 23. bxc3 Nf6 24. Qe2 Nc8 25. h5 g5 26. Nd5 Nxd5 27. Bxd5 h6 28.
d4 cxd4 29. cxd4 Rb2 30. Qd3 Qc2 31. Qxc2 Rxc2 32. Be3 f4 33. gxf4 gxf4 34. Bxf4 Bxd4 35. Be3 Bxe3 36. Rxe3 Rf8 37. Rg3+ Kh8 38. Ra8 Rcxf2 39.
Rxc8 Rf1+ 40. Kg2 Rf2+ 41. Kg1 Rf1+ 42. Kg2 Rf2+ 43. Kg1 1/2-1/2